 Seeded DCSS version 0.29.1-4-g47bece8355 (webtiles) character file.

Game seed: 11765433967855302772 (custom seed)

852 GigaChad the Chopper (level 7, -6/54 HPs)
             Began as a Minotaur Fighter on Dec 5, 2022.
             Was a Follower of Hepliaklqana.
             Mangled by a gnoll
             ... wielding a +0 halberd
             ... led by a gnoll sergeant
              (11 damage)
             ... on level 5 of the Dungeon.
             The game lasted 00:05:08 (4659 turns).

GigaChad the Chopper (Minotaur Fighter)             Turns: 4659, Time: 00:05:08

Health: -6/54      AC:  7    Str: 22    XL:     7   Next: 69%
Magic:  6/6        EV:  9    Int:  5    God:    Hepliaklqana [*.....]
Gold:   771        SH:  4    Dex: 10    Spells: 6/6 levels left

rFire   . . .      SeeInvis .   a - +0 war axe (elec)
rCold   . . .      Faith    .   c - +0 buckler
rNeg    . . .      Spirit   .   b - +0 scale mail
rPois   .          Reflect  .   (helmet restricted)
rElec   .          Harm     .   (no cloak)
rCorr   .          Rampage  .   (no gloves)
Will    .....                   (no boots)
Stlth   ..........              (no amulet)
HPRegen 0.18/turn               (no ring)
MPRegen 0.10/turn               (no ring)

@: no status effects
A: reduced essence, horns 2, retaliatory headbutt
a: Renounce Religion, Recall Ancestor, Ancestor Identity


You were on level 5 of the Dungeon.
You worshipped Hepliaklqana.
Hepliaklqana was aware of your devotion.
You visited 1 branch of the dungeon, and saw 5 of its levels.

You collected 771 gold pieces.

Inventory:

Hand Weapons
 a - a +0 war axe of electrocution (weapon)
Missiles
 h - 2 throwing nets (quivered)
Armour
 b - a +0 scale mail (worn)
 c - a +0 buckler (worn)
 j - the +1 helmet of Dyspraxia {Str+3 Int+4}
   (You found it on level 2 of the Dungeon)

   Str:       It affects your strength (+3).
   Int:       It affects your intelligence (+4).
Jewellery
 p - a ring of fire
Wands
 k - a wand of charming (7)
 r - a wand of mindburst (3)
Scrolls
 l - 2 scrolls of enchant armour {unknown}
 n - a scroll of torment {unknown}
 o - 4 scrolls of teleportation
 q - 2 scrolls of identify
Potions
 d - 4 potions of might
 e - 2 potions of lignification
 f - 3 potions of curing {unknown}
 g - a potion of brilliance {unknown}
 i - 3 potions of haste {unknown}
 m - a potion of degeneration {unknown}
 s - a potion of mutation {unknown}
 t - a potion of invisibility {unknown}


   Skills:
 + Level 5.4 Fighting
 + Level 7.9 Axes
 + Level 5.8 Armour
 + Level 1.2 Dodging
 + Level 0.4 Stealth
 + Level 4.8 Shields


You had 6 spell levels left.
You didn't know any spells.
Your spell library contained the following spells:

 Spells                   Type           Power      Damage    Failure   Level
 Freeze                   Ice            0%         1d3       86%         1
 Confusing Touch          Hex            0%         N/A       99%         3
 Dazzling Flash           Conj/Hex       0%         N/A       99%         3
 Frozen Ramparts          Ice            0%         1d1       99%         3
 Portal Projectile        Hex/Tloc       0%         N/A       99%         3
 Tukima's Dance           Hex            0%         N/A       99%         3
 Hailstorm                Conj/Ice       0%         3d3       100%        4
 Petrify                  Tmut/Erth      0%         N/A       100%        4
 Blade Hands              Tmut           0%         N/A       100%        5
 Metabolic Englaciation   Hex/Ice        0%         N/A       100%        5
 Statue Form              Tmut/Erth      0%         N/A       100%        6


Dungeon Overview and Level Annotations

Branches:
Dungeon (5/15)
 Temple: D:4-7

Altars:
Cheibriados
Hepliaklqana
Sif Muna
Trog
Vehumet
Xom


Innate Abilities, Weirdness & Mutations

Your life essence is reduced to manifest your ancestor. (-10% HP)
You have a pair of horns on your head.
You reflexively headbutt those who attack you in melee.


Message History

A gnoll comes into view. It is wielding a +0 whip.
The gnoll shouts!
Found an ivory ring.
The gnoll sergeant closely misses you. You block the gnoll's attack.
Rtas 'Vadum completely misses the gnoll.
The gnoll closely misses you.
The gnoll sergeant hits you with a +0 trident!
You slash the gnoll! Lightning courses through the gnoll!
You kill the gnoll!
You closely miss the gnoll.
You hit the gnoll sergeant but do no damage.
You block the gnoll's attack. x2; Rtas 'Vadum misses the gnoll.
The gnoll sergeant hits you but does no damage.
The gnoll barely misses you. The ice beast hits you. The ice beast freezes you!
The gnoll sergeant barely misses you. The gnoll barely misses you.
Rtas 'Vadum hits the gnoll.
The gnoll sergeant hits you with a +0 trident!
The gnoll barely misses you.
Rtas 'Vadum hits the gnoll.
The gnoll closely misses you.
You slash the gnoll sergeant!
You headbutt the gnoll sergeant, but do no damage.
The gnoll sergeant is moderately wounded.
You hit the ice beast but do no damage.
Lightning courses through the ice beast!
You hit the gnoll.
The ice beast hits you but does no damage.
The gnoll hits you with a +0 club.
* * * LOW HITPOINT WARNING * * *
You block the gnoll sergeant's attack.
The gnoll hits you from afar with a +0 halberd!
* * * LOW HITPOINT WARNING * * *
Rtas 'Vadum hits the gnoll.
You barely miss the gnoll sergeant.
The gnoll sergeant is moderately wounded.
You slash the ice beast! You hit the gnoll.
You kill the gnoll!
An ufetubus comes into view.
The ice beast hits you but does no damage.
The gnoll hits you from afar with a +0 halberd!
You die...

#...... .....# #......
####=..... #...... ..
.....5............. ...
#............####.. ....
#.......#.... ###
....###g......#.....#####
.......)g.....#.....#...#
.......Y@.....# #...#....
........R.....+ #........
...#..........# #........
. #..........# +........
#..........###........
#.....................
#....####.............
...#.....###.............
.......).................


You could see the friendly Rtas 'Vadum the ancestor, an ice beast, a gnoll
sergeant (ally target), a gnoll and an ufetubus (distracted).

Vanquished Creatures
  Grinder (D:4)
  A black bear (D:4)
  A kobold brigand (D:4)
  A scorpion (D:5)
  A necrophage (D:5)
  A hound (D:4)
  An orc priest (D:4)
  2 iguanas
  An orc wizard (D:4)
  Robin (D:4)
  10 gnolls
  2 adders (D:3)
  2 worms
  5 dart slugs
  10 orcs
  4 bats
  5 endoplasms
  2 giant cockroaches
  19 goblins
  9 hobgoblins
  5 kobolds
  2 quokkas (D:1)
  6 ball pythons
  5 frilled lizards
  4 rats
101 creatures vanquished.

Notes
Turn   | Place    | Note
-------+----------+-------------------------------------------
     0 | D:1      | GigaChad the Minotaur Fighter began the quest for the Orb.
     0 | D:1      | Reached XP level 1. HP: 19/19 MP: 0/0
    41 | D:1      | Got the Atlas of Curses
   394 | D:1      | Reached XP level 2. HP: 27/27 MP: 1/1
  1064 | D:2      | Found a shimmering altar of Xom.
  1080 | D:2      | Reached XP level 3. HP: 33/33 MP: 2/2
  1298 | D:2      | Reached skill level 3 in Axes
  1307 | D:2      | Reached XP level 4. HP: 9/41 MP: 3/3
  1744 | D:2      | Identified the +1 helmet of Dyspraxia {Str+3 Int+4}
  2306 | D:3      | Found a radiant altar of Vehumet.
  2330 | D:3      | Reached skill level 4 in Axes
  2685 | D:3      | Found a hazy altar of Hepliaklqana.
  2698 | D:3      | Reached XP level 5. HP: 41/47 MP: 4/4
  2702 | D:3      | Became a worshipper of Hepliaklqana the Forgotten
  2703 | D:3      | Identified a scroll of acquirement
  2703 | D:3      | Acquired 559 gold pieces
  2829 | D:3      | Found a shimmering blue altar of Sif Muna.
  3321 | D:4      | Reached skill level 5 in Axes
  3460 | D:4      | Noticed Grinder
  3489 | D:4      | Paralysed by Grinder for 2 turns
  3495 | D:4      | Killed Grinder
  3496 | D:4      | Reached skill level 5 in Fighting
  3496 | D:4      | Reached skill level 6 in Axes
  3496 | D:4      | Reached skill level 5 in Armour
  3496 | D:4      | Reached XP level 6. HP: 38/56 MP: 5/5
  3721 | D:4      | Noticed Robin
  3734 | D:4      | Reached XP level 7. HP: 25/61 MP: 6/6
  3746 | D:4      | Reached skill level 1 in Dodging
  3752 | D:4      | Killed Robin
  3760 | D:4      | Reached skill level 7 in Axes
  4145 | D:4      | Found a snail-covered altar of Cheibriados.
  4337 | D:4      | Reached * piety under Hepliaklqana
  4512 | D:5      | Entered Level 5 of the Dungeon
  4605 | D:5      | Found a bloodstained altar of Trog.
  4659 | D:5      | Mangled by a gnoll

Illustrated notes

Levels and vault maps discovered:
D:1:      ebering_trefoil_twist, layout_basic
D:2:      minmay_wonky_spiral, layout_basic, basic_altar
D:3:      layout_loops_corners, led_sif_pool,
          mainiacjoe_overflow_six_doors_small, vehumet_crystals
D:4:      layout_loops_ring, cheibriados_altar_1, uniq_robin, uniq_grinder
D:5:      layout_basic, mainiacjoe_overflow_alcove_2

Skill      XL: |  1  2  3  4  5  6  7 |
---------------+----------------------+-----
Shields        | 4 |  4.8
Fighting       | 4 5 |  5.4
Armour         | 4 5 |  5.8
Axes           | 3 4 6 7 |  7.9
Dodging        | 1 |  1.2
Stealth        | |  0.4

Action                   |  1- 3 |  4- 6 |  7- 9 || total
-------------------------+-------+-------+-------++-------
Melee: War axe           |    59 |   101 |    43 ||   203
       Headbutt          |     8 |    15 |     5 ||    28
Invok: Recall Ancestor   |       |       |     1 ||     1
       Ancestor Identity |       |       |     1 ||     1
  Use: Scroll            |     1 |     3 |     1 ||     5
Armor: Scale mail        |    29 |    42 |    25 ||    96
Dodge: Dodged            |    33 |    47 |    25 ||   105
Block: Buckler           |    18 |    28 |    14 ||    60
